 Dungeon Crawl Stone Soup version 0.28-a0-589-g333b8329f1 (webtiles) character file.

Game seed: 6602792064553805850

116 iamoutofideas the Chopper (level 5, 0/46 HPs)
             Began as a Hill Orc Fighter on Oct 4, 2021.
             Slain by an ogre (26 damage)
             ... on level 3 of the Dungeon.
             The game lasted 00:01:38 (2469 turns).

iamoutofideas the Chopper (Hill Orc Fighter)        Turns: 2469, Time: 00:01:39

Health: 0/46       AC:  9    Str: 20    XL:     5   Next: 0%
Magic:  5/5        EV:  9    Int:  8    God:
Gold:   84         SH:  4    Dex: 10    Spells: 4/4 levels left

rFire   . . .      SeeInvis .   a - +0 war axe
rCold   . . .      Faith    .   c - +0 buckler
rNeg    . . .      Spirit   .   b - +0 scale mail
rPois   .          Reflect  .   (no helmet)
rElec   .          Harm     .   o - +0 cloak
rCorr   .          Rampage  .   (no gloves)
Will    +....                   p - +0 pair of boots
Stlth   ..........              (no amulet)
HPRegen 0.15/turn               i - ring of willpower
MPRegen 0.09/turn               (no ring)

@: no status effects
A: no striking features
a: no special abilities


You were on level 3 of the Dungeon.
You visited 1 branch of the dungeon, and saw 3 of its levels.

You collected 84 gold pieces.

Inventory:

Hand Weapons
 a - a +0 war axe (weapon)
Armour
 b - a +0 scale mail (worn)
 c - a +0 buckler (worn)
 o - a +0 cloak (worn)
 p - a +0 pair of boots (worn)
Jewellery
 e - a ring of ice
 i - a ring of willpower (left hand)
Scrolls
 f - a scroll of teleportation
 k - a scroll of fog {unknown}
 n - 4 scrolls of identify {unknown}
Potions
 d - a potion of might
 g - a potion of invisibility {unknown}
 h - a potion of mutation {unknown}
 j - 2 potions of degeneration {unknown}
 l - 3 potions of heal wounds {unknown}
 m - 3 potions of flight {unknown}


   Skills:
 + Level 4.3 Fighting
 * Level 5.4 Axes
 - Level 3.4 Armour
 - Level 0.2 Dodging
 - Level 3.7 Shields


You had 4 spell levels left.
You didn't know any spells.
Your spell library contained the following spells:

 Spells                   Type           Power      Damage    Failure   Level
 Summon Small Mammal      Summ           0%         N/A       77%         1
 Call Canine Familiar     Summ           0%         N/A       98%         3
 Summon Guardian Golem    Hex/Summ       0%         N/A       98%         3


Dungeon Overview and Level Annotations

Branches:
Dungeon (3/15)

Altars:
Qazlal


Message History

You have reached level 5!
You feel stronger.
You see here a ball python corpse.
You see here a +0 pair of boots.
p - a +0 pair of boots You start putting on your armour.
You continue putting on your +0 pair of boots. x4
You finish putting on your +0 pair of boots.
A kobold is nearby!
The kobold shouts!
An ogre comes into view. It is wielding a +0 giant club.
There are monsters nearby!
There are monsters nearby!
The ogre shouts!
There are monsters nearby!
The kobold closely misses you.
There are monsters nearby!
You hit the ogre.
The ogre is lightly wounded.
You slash the kobold!
You kill the kobold!
You block the ogre's attack.
You hit the ogre.
The ogre is lightly wounded.
You block the ogre's attack.
You barely miss the ogre.
The ogre is lightly wounded.
An endoplasm comes into view.
The ogre closely misses you.
You barely miss the ogre.
The ogre is lightly wounded.
A bat comes into view.
The ogre hits you with a +0 giant club!!
The bat moves out of view.
You hit the ogre but do no damage.
The ogre is lightly wounded.
Your scale mail prevents you from hitting the endoplasm.
The ogre hits you with a +0 giant club!!
Ouch! That really hurt!
You die...

#........# #####
#........# ....#
##.<....... ....#
#.........#
....########.........
...##.............####
......................
..#.##.......†....###
.##.##..........@J#
..#..#..........#O..#
#..#..<|........#.#..#
##..............#.. .#
...##.†.........###.
.# ........######..#
.# .. #......### #.##
. # ###......# #.# ..
#...##.#####.#


You could see an ogre and an endoplasm.

Vanquished Creatures
  Crazy Yiuf (D:2)
  3 adders
  A worm (D:2)
  2 dart slugs
  7 ball pythons
  5 bats
  2 endoplasms (D:2)
  4 giant cockroaches
  8 goblins
  4 hobgoblins
  3 jackals (D:1)
  A quokka (D:1)
  A frilled lizard (D:3)
  6 kobolds
  4 rats
52 creatures vanquished.

Notes
Turn   | Place    | Note
-------+----------+-------------------------------------------
     0 | D:1      | iamoutofideas the Hill Orc Fighter began the quest for the
                  | Orb.
     0 | D:1      | Reached XP level 1. HP: 19/19 MP: 1/1
   160 | D:1      | Reached XP level 2. HP: 25/27 MP: 2/2
   662 | D:1      | Found a faded altar of an unknown god.
   831 | D:1      | Reached skill level 3 in Axes
   831 | D:1      | Reached XP level 3. HP: 33/33 MP: 3/3
  1307 | D:2      | Found a stormy altar of Qazlal.
  1543 | D:2      | Reached skill level 4 in Axes
  1691 | D:2      | Reached XP level 4. HP: 40/40 MP: 4/4
  2025 | D:2      | Found a runed translucent door.
  2026 | D:2      | Noticed Crazy Yiuf
  2204 | D:2      | Killed Crazy Yiuf
  2205 | D:2      | Reached skill level 5 in Axes
  2454 | D:3      | Reached XP level 5. HP: 45/46 MP: 5/5
  2462 | D:3      | Noticed an ogre
  2469 | D:3      | Slain by an ogre

Illustrated notes

Levels and vault maps discovered:
D:1:      dpeg_arrival_tiny_c, layout_basic,
          shapermc_ecumenical_altar_hornbeckon, minmay_cut_off
D:2:      layout_loops_ring, basic_altar, uniq_crazy_yiuf_cottage
D:3:      layout_rooms

Skill      XL: |  1  2  3  4 |
---------------+-------------+-----
Fighting       | 4 |  4.3
Axes           | 3 4 5 |  5.4
Armour         | |  3.4
Dodging        | |  0.2
Shields        | |  3.7

Action                   |  1- 3 |  4- 6 || total
-------------------------+-------+-------++-------
Melee: War axe           |   103 |    49 ||   152
  Use: Scroll            |       |     2 ||     2
Armor: Scale mail        |    61 |    16 ||    77
Dodge: Dodged            |    58 |    18 ||    76
Block: Buckler           |    26 |    13 ||    39

Table legend: (Time is in decaauts)
 A = Elapsed time spent in this place.
 B = Non-inter-level travel time spent in this place.
 C = Inter-level travel time spent in this place.
 D = Time resting spent in this place.
 E = Time spent auto-exploring this place.
 F = Levels seen in this place.
 G = Mean time per level.
                   A        B        C        D        E       F      G
               +--------+--------+--------+--------+--------+-----+--------+
         Total |   2523 |   2330 |    193 |    168 |   1769 |   3 |  841.0 |
       Dungeon |   2523 |   2330 |    193 |    168 |   1769 |   3 |  841.0 |
               +--------+--------+--------+--------+--------+-----+--------+

Top non-repeatable levels by time:
     D:1: 1220 daAuts
     D:2: 1150 daAuts
     D:3: 153 daAuts
